 Seeded DCSS version 0.29-a0-1009-g60c99734e7 (webtiles) character file.

Game seed: 20220808 (custom seed)

103 purpskrrrp the Poker (level 4, -3/35 HPs)
             Began as a Merfolk Gladiator on Aug 8, 2022.
             Was a Plaything of Xom.
             Slain by an orc
             ... wielding a +0 trident
              (4 damage)
             ... on level 4 of the Dungeon.
             The game lasted 00:08:34 (2202 turns).

purpskrrrp the Poker (Merfolk Gladiator)            Turns: 2202, Time: 00:08:35

Health: -3/35      AC:  5    Str: 18    XL:     4   Next: 79%
Magic:  13/13      EV: 14    Int:  7    God:    Xom [.*....]
Gold:   74         SH:  0    Dex: 15    Spells: 3/3 levels left

rFire   . . .      SeeInvis .   a - +0 trident
rCold   . . .      Faith    +   (no shield)
rNeg    . . .      Spirit   .   b - +0 leather armour
rPois   .          Reflect  .   c - +1 helmet
rElec   .          Harm     .   (no cloak)
rCorr   .          Rampage  .   (no gloves)
Will    .....                   (no boots)
Stlth   +.........              g - amulet "Leoggorr" {Faith MP+9 Str+2}
HPRegen 0.11/turn               (no ring)
MPRegen 0.13/turn               (no ring)

@: mighty
A: (nimble swimmer 2), mertail
a: Renounce Religion


You were on level 4 of the Dungeon.
You worshipped Xom.
You were a plaything of Xom.
You visited 1 branch of the dungeon, and saw 4 of its levels.

You collected 74 gold pieces.

Inventory:

Hand Weapons
 a - a +0 trident (weapon)
Missiles
 e - 3 javelins (quivered)
Armour
 b - a +0 leather armour (worn)
 c - a +1 helmet (worn)
Jewellery
 g - the amulet "Leoggorr" (around neck) {Faith MP+9 Str+2}
   (You acquired it on level 1 of the Dungeon)

   [amulet of faith]

   It allows you to gain divine favour quickly.
   Str:       It affects your strength (+2).
   MP:        It affects your magic capacity (+9).
 o - an amulet of guardian spirit
Scrolls
 n - a scroll of identify {unknown}
 r - a scroll of summoning {unknown}
 s - a scroll of teleportation {unknown}
Potions
 k - 2 potions of attraction {unknown}
 l - a potion of resistance {unknown}
 m - a potion of magic {unknown}
 p - a potion of brilliance {unknown}
 q - a potion of mutation {unknown}


   Skills:
 + Level 3.5 Fighting
 + Level 5.2 Polearms
 - Level 2.0 Throwing
 + Level 5.2 Dodging


You had 3 spell levels left.
You didn't know any spells.
Your spell library was empty.

Dungeon Overview and Level Annotations

Branches:
Dungeon (4/15)
 Temple: D:4-7

Altars:
Xom

Shops:
D:2 *

Annotations:
D:3 Ijyb, Sigmund


Innate Abilities, Weirdness & Mutations

((You are very nimble when in or above water. (Stealth+, EV+, Speed+++)))
Your lower body shifts to a powerful aquatic tail in water.


Message History

Reach: a) +0 trident
Press: ? - help, Dir - move target, f/p - orc
Aim: an orc, wielding a +0 hand axe and wearing a +0 scale mail (lightly wounded, entangled in a net, about 7% to evade your +0 trident)
You reach to attack!
You hit the orc.
The orc is severely wounded.
The orc struggles against the net.
Reach: a) +0 trident
Press: ? - help, Dir - move target, f/p - orc
Aim: an orc, wielding a +0 hand axe and wearing a +0 scale mail (severely wounded, entangled in a net, about 7% to evade your +0 trident)
You reach to attack!
You puncture the orc!
You kill the orc!
Reach: a) +0 trident
Press: ? - help, Dir - move target, f - orc
Aim: an orc, wielding a +0 hand axe (about 40% to evade your +0 trident)
You reach to attack!
You hit the orc.
The orc is moderately wounded.
Reach: a) +0 trident
Press: ? - help, Dir - move target, f/p - orc
Aim: an orc, wielding a +0 hand axe (moderately wounded, about 40% to evade your +0 trident)
You closely miss the orc.
The orc is moderately wounded.
The orc hits you with a +0 hand axe.
* * * LOW HITPOINT WARNING * * *
The orc misses you.
Reach: a) +0 trident
Press: ? - help, Dir - move target, f - orc, p - orc
Aim: an orc, wielding a +0 trident and wearing a +0 leather armour (about 40% to evade your +0 trident)
You reach to attack!
You barely miss the orc. The orc misses you. The orc closely misses you.
Unknown command.
The orc attacks as you move away! The orc barely misses you.
The orc attacks as you move away! The orc hits you but does no damage.
The orc attacks as you move away! The orc hits you with a +0 hand axe.
* * * LOW HITPOINT WARNING * * *
You puncture the orc!
You kill the orc!
The orc hits you from afar with a +0 trident.
* * * LOW HITPOINT WARNING * * *
The orc hits you with a +0 trident.
You die...

#####.##.#
##(.o._##.#
#)####...<#
#.# #.####
#.# #o# #o#
#.# #o# #.#
#o# #)# #@#
#o# #.# #.#
#.# #o# #.#
#o# #.# .o.
#.# #.# #.#
#.# #.# #.#


You could see 3 orcs.

Vanquished Creatures
  A jelly (D:4)
  An orc wizard (D:4)
  5 orcs (D:4)
  3 bats
  3 endoplasms
  3 giant cockroaches
  2 goblins (D:1)
  2 hobgoblins
  4 jackals (D:2)
  4 kobolds
  A quokka (D:1)
  3 ball pythons
  2 frilled lizards
  2 rats (D:1)
36 creatures vanquished.

Vanquished Creatures (others)
  An orc wizard (D:4)
1 creature vanquished.

Grand Total: 37 creatures vanquished

Notes
Turn   | Place    | Note
-------+----------+-------------------------------------------
     0 | D:1      | purpskrrrp the Merfolk Gladiator began the quest for the
                  | Orb.
     0 | D:1      | Reached XP level 1. HP: 16/16 MP: 1/1
   185 | D:1      | Reached XP level 2. HP: 23/23 MP: 2/2
   263 | D:1      | Identified a scroll of acquirement
   263 | D:1      | Acquired the amulet "Leoggorr" {Faith MP+9 Str+2}
   758 | D:2      | Found a faded altar of an unknown god.
   767 | D:2      | Prayed at the altar of an unknown god.
   767 | D:2      | Became a worshipper of Xom of Chaos
   868 | D:2      | XOM: 8-stop teleportation journey
   984 | D:2      | Found Wigg's General Store.
  1008 | D:2      | Reached XP level 3. HP: 12/28 MP: 3/3
  1404 | D:2      | XOM: noise
  1606 | D:2      | XOM: silly message
  1713 | D:3      | XOM: give mutations
  1713 | D:3      | Gained mutation: You are weak. (Str -2) [Xom's mischief]
  1713 | D:3      | Lost mutation: You are weak. (Str -2) [Xom's mischief]
  1733 | D:3      | XOM: 2-stop teleportation journey
  1750 | D:3      | Noticed Sigmund
  1750 | D:3      | Noticed Ijyb
  1767 | D:4      | Reached skill level 5 in Dodging
  1767 | D:4      | Reached XP level 4. HP: 10/35 MP: 4/4
  2008 | D:4      | Reached skill level 5 in Polearms
  2156 | D:4      | XOM: enchant monster (good)
  2157 | D:4      | XOM: scenery: create altars
  2201 | D:4      | HP: 1/35 [orc/+0 trident (3)]
  2202 | D:4      | Slain by an orc

Illustrated notes

Levels and vault maps discovered:
D:1:      sevenhm_arrival_forest_fort_small_4, layout_loops_cross
D:2:      layout_basic, serial_shops, shop, basic_ecumenical_altar
D:3:      wad_river_or_something, layout_basic, uniq_jessica, uniq_sigmund,
          uniq_ijyb, uniq_robin
D:4:      minmay_spotlight, layout_loops_ring, uniq_natasha

Skill      XL: |  1  2  3  4 |
---------------+-------------+-----
Fighting       | 3 |  3.5
Dodging        | 5 |  5.2
Polearms       | 5 |  5.2
Throwing       | |  2.0

Action                   |  1- 3 |  4- 6 || total
-------------------------+-------+-------++-------
Melee: Trident           |    87 |    39 ||   126
Throw: Throwing net      |       |     3 ||     3
  Use: Scroll            |     1 |     2 ||     3
       Potion            |       |     2 ||     2
 Stab: Sleeping          |     3 |       ||     3
Armor: Leather armour    |    30 |    11 ||    41
Dodge: Dodged            |    72 |    11 ||    83

Table legend: (Time is in decaauts)
 A = Elapsed time spent in this place.
 B = Non-inter-level travel time spent in this place.
 C = Inter-level travel time spent in this place.
 D = Time resting spent in this place.
 E = Time spent auto-exploring this place.
 F = Levels seen in this place.
 G = Mean time per level.
                   A        B        C        D        E       F      G
               +--------+--------+--------+--------+--------+-----+--------+
         Total |   2209 |   2151 |     58 |    508 |   1319 |   4 |  552.2 |
       Dungeon |   2209 |   2151 |     58 |    508 |   1319 |   4 |  552.2 |
               +--------+--------+--------+--------+--------+-----+--------+

Top non-repeatable levels by time:
     D:2: 917 daAuts
     D:1: 729 daAuts
     D:4: 443 daAuts
     D:3: 118 daAuts
